 Dungeon Crawl Stone Soup version 0.23.2 (webtiles) character file.

Game seed: 5085216245390896862

6477 myga the Slinger (level 11, -13/72 HPs)
             Began as a Halfling Fighter on Apr 5, 2019.
             Was a Believer of Trog.
             Killed from afar by a Hell Sentinel (17 damage)
             ... with damnation
             ... on level 1 of the Abyss.
             The game lasted 00:56:29 (8484 turns).

myga the Slinger (Halfling Fighter)                 Turns: 8484, Time: 00:56:29

Health: -13/72     AC: 13    Str: 17    XL:     11   Next: 19%
Magic:  11/11      EV:  7    Int:  6    God:    Trog [**....]
Gold:   413        SH: 11    Dex: 18    Spells: 10/10 levels left

rFire    . . .     SeeInvis +   M - +0 rapier
rCold    . . .     Gourm    .   c - +0 shield
rNeg     + . .     Faith    +   a - +0 plate armour
rPois    .         Spirit   .   (no helmet)
rElec    .         Reflect  .   D - scarf {repulsion}
rCorr    .         Harm     .   (no gloves)
MR       .....                  (no boots)
Stlth    ..........             q - amulet of faith
HPRegen  0.22/turn              P - ring of see invisible
MPRegen  0.12/turn              N - ring of positive energy

@: berserk cooldown, repel missiles
A: small, mutation resistance 1
a: Berserk, Trog's Hand, Renounce Religion


You were on level 1 of the Abyss.
You worshipped Trog.
Trog was pleased with you.
You were near starving.

You visited 2 branches of the dungeon, and saw 9 of its levels.
You visited the Abyss 1 time.

You collected 413 gold pieces.

Inventory:

Hand Weapons
 o - a +2 hunting sling of freezing
 y - a +0 hand crossbow
 M - a +0 rapier (weapon)
 R - a +0 blowgun
Missiles
 m - 10 sling bullets
 p - 204 stones (quivered)
 z - 101 poisoned needles
 B - 79 bolts
 C - 46 arrows
Armour
 a - a +0 plate armour (worn)
 b - a +0 chain mail
 c - a +0 shield (worn)
 g - the +3 hat of Pondering {ponderous, MR+ MP+10 Int+5}
   (You took it off Gastronok on level 8 of the Dungeon)

   It affects your intelligence (+5).
   It affects your resistance to hostile enchantments.
   It affects your magic capacity (+10).
 h - the +1 robe of Ru's Generosity {Dex+5}
   (You found it on level 8 of the Dungeon)

   It affects your dexterity (+5).
 D - a scarf of repulsion (worn)
 H - the +2 robe "Codaitt" {rElec}
   (You took it off an orc wizard on level 7 of the Dungeon)

   It insulates you from electricity.
Jewellery
 l - an uncursed ring of wizardry
 q - an amulet of faith (around neck)
 F - a +2 ring of intelligence
 G - an uncursed ring of stealth
 N - a ring of positive energy (right hand)
 P - a ring of see invisible (left hand)
Wands
 d - a wand of disintegration (9)
 r - a wand of enslavement (6)
 w - a wand of flame (30)
Scrolls
 e - 7 scrolls of remove curse
 i - 2 scrolls of immolation
 j - a scroll of noise
 k - a scroll of amnesia
 t - a scroll of enchant armour {unknown}
 u - a scroll of magic mapping
 E - a scroll of fear {unknown}
 I - a scroll of silence
 J - a scroll of blinking
 K - a scroll of teleportation
Potions
 n - a potion of brilliance
 x - 2 potions of curing
 A - 2 potions of magic
Miscellaneous
 L - a lightning rod (4/4)
 O - a sack of spiders
Comestibles
 f - 15 rations


   Skills:
 + Level 6.0 Fighting
 + Level 3.1(4.9) Short Blades
   Level 4.9(5.2) Long Blades
 + Level 10.6(10.8) Slings
 + Level 7.8 Crossbows
 + Level 1.9(5.1) Throwing
 + Level 7.6 Armour
 + Level 2.6 Dodging
 + Level 1.6 Stealth
 + Level 7.6 Shields


You had 10 spell levels left.
You didn't know any spells.
Your spell library contained the following spells:

 Spells                   Type           Power        Failure   Level  Hunger
 Corona                   Hex            #......      100%        1    ##.....
 Magic Dart               Conj           #...         100%        1    ##.....
 Ensorcelled Hibernation  Hex/Ice        #.....       100%        2    ###....
 Searing Ray              Conj           #.....       100%        2    ###....
 Confuse                  Hex            #.......     100%        3    ####...
 Dazzling Spray           Conj/Hex       #.....       100%        3    ####...
 Tukima's Dance           Hex            #.......     100%        3    ####...
 Force Lance              Conj/Tloc      #.......     100%        4    #####..
 Fulminant Prism          Conj/Hex       #.........   100%        4    #####..
 Iskenderun's Mystic Bla  Conj           #.......     100%        4    #####..


Dungeon Overview and Level Annotations

Branches:
Dungeon (8/15)             Temple (1/1) D:4
   Lair: D:8-11

Altars:
Ashenzari
Cheibriados
Dithmenos
Elyvilon
Fedhas
Gozag
Hepliaklqana
Kikubaaqudgha
Makhleb
Nemelex Xobeh
Okawaru
Qazlal
Ru
Sif Muna
Trog
Uskayaw
Vehumet
Wu Jian
Xom
Yredelemnul
Zin
The Shining One

Shops:
D:7 }   D:8 :?

Annotations:
D:8 Grum


Innate Abilities, Weirdness & Mutations

You are small and have problems with some larger weapons.
You are somewhat resistant to further mutation.


Message History

The Hell Sentinel is unaffected.
The Hell Sentinel gestures at you.
The sphere of damnation explodes!
The damnation engulfs you!!!
Ouch! That really hurt!
* * * LOW HITPOINT WARNING * * *
You see here 35 gold pieces.
Okay, then.
It would have no effect in this place.
The Hell Sentinel gestures at you.
The sphere of damnation explodes!
The damnation engulfs you!!
* * * LOW HITPOINT WARNING * * *
Okay, then.
Okay, then.
Okay, then.
As you read the scroll of fog, it crumbles to dust.
The scroll dissolves into smoke.
You feel yourself speed up. The Hell Sentinel gestures at you.
The sphere of damnation explodes!
The damnation engulfs you!
You die...

##....#.# ## #..
#.#.....####...#
..#..###§#§..#
## .# #.#§#§.#
...#.#.##§§§# .
# #### # §#
##§## ###1§§..#
#@.#.#.##
#..#.###..
#.##..# ### #..
#.. ## ....
#####


You could see a Hell Sentinel.

Vanquished Creatures
  Gastronok (D:8)
  2 hippogriffs (D:7)
  Grinder (D:3)
  A slime creature (D:7)
  Sigmund (D:3)
  2 wyverns (D:8)
  A steam dragon (D:8)
  A water moccasin (D:8)
  2 orc warriors
  An ice beast (D:7)
  2 sky beasts
  A black bear (D:6)
  A necrophage (D:7)
  6 ogres
  2 wolves (D:8)
  2 centaurs
  A big kobold (D:7)
  6 bullfrogs
  3 scorpions
  5 wights (D:8)
  A howler monkey (D:4)
  4 crimson imps
  A centaur zombie (D:6)
  A quasit (D:7)
  A bullfrog zombie (D:7)
  3 jellies
  4 hounds
  5 orc wizards
  Jessica (D:2)
  3 iguanas
  10 worker ants
  A hound zombie (D:5)
  7 gnolls (D:4)
  10 adders
  A shadow imp (D:8)
  3 adder skeletons
  A worm (D:2)
  2 dart slugs (D:1)
  4 leopard geckos
  12 orcs
  6 bats
  8 giant cockroaches
  5 goblins
  5 hobgoblins
  4 jackals
  3 quokkas
  10 frilled lizards
  A jackal skeleton (D:8)
  9 kobolds
  A quokka skeleton (D:4)
  8 rats
177 creatures vanquished.

Notes
Turn   | Place    | Note
-------+----------+-------------------------------------------
     0 | D:1      | myga the Halfling Fighter began the quest for the Orb.
     0 | D:1      | Reached XP level 1. HP: 15/15 MP: 1/1
    93 | D:1      | Reached XP level 2. HP: 13/20 MP: 2/2
   140 | D:1      | You fall through a shaft!
   148 | D:2      | Reached XP level 3. HP: 16/26 MP: 3/3
   543 | D:1      | Reached XP level 4. HP: 31/31 MP: 4/4
   834 | D:2      | Found a sparkling altar of Nemelex Xobeh.
   834 | D:2      | Noticed Jessica
   836 | D:2      | Killed Jessica
  1386 | D:3      | Noticed Sigmund
  1397 | D:3      | Killed Sigmund
  1397 | D:3      | Reached skill level 3 in Slings
  1397 | D:3      | Reached XP level 5. HP: 12/36 MP: 5/5
  1397 | D:3      | Reached XP level 6. HP: 14/42 MP: 6/6
  1704 | D:3      | Found a basalt altar of Yredelemnul.
  1879 | D:3      | Reached skill level 4 in Slings
  1931 | D:3      | Noticed Grinder
  1951 | D:3      | Killed Grinder
  1951 | D:3      | Reached skill level 5 in Slings
  1951 | D:3      | Reached XP level 7. HP: 47/47 MP: 7/7
  2053 | D:3      | Reached skill level 1 in Throwing
  2414 | D:4      | Found a blossoming altar of Fedhas.
  2515 | D:4      | Found a deep blue altar of Sif Muna.
  2571 | D:4      | Reached skill level 5 in Armour
  2611 | D:4      | Found a staircase to the Ecumenical Temple.
  2621 | Temple   | Entered the Ecumenical Temple
  2782 | D:4      | Reached skill level 6 in Slings
  2790 | D:4      | Reached skill level 1 in Dodging
  2809 | D:4      | Reached XP level 8. HP: 47/54 MP: 8/8
  3229 | D:4      | Found a white marble altar of Elyvilon.
  3252 | D:5      | Entered Level 5 of the Dungeon
  3282 | D:5      | Found an opulent altar of Gozag.
  3317 | D:5      | Reached skill level 7 in Slings
  3884 | D:5      | Reached skill level 1 in Crossbows
  4518 | D:6      | Reached skill level 1 in Stealth
  4596 | D:6      | Found a snail-covered altar of Cheibriados.
  4737 | D:6      | Reached XP level 9. HP: 55/58 MP: 9/9
  5163 | D:6      | Reached skill level 1 in Short Blades
  5189 | D:6      | Reached skill level 5 in Crossbows
  5241 | D:6      | Found a bloodstained altar of Trog.
  5248 | D:6      | Became a worshipper of Trog the Wrathful
  5256 | D:6      | Found a glowing silver altar of Zin.
  5394 | D:6      | Reached skill level 5 in Shields
  5415 | D:6      | Reached skill level 8 in Slings
  5748 | D:7      | Found a sacrificial altar of Ru.
  6113 | D:7      | Identified the +2 robe "Codaitt" {rElec}
  6539 | D:7      | Noticed a hippogriff
  6548 | D:7      | Killed a hippogriff
  6567 | D:7      | Reached XP level 10. HP: 65/65 MP: 10/10
  6597 | D:7      | Reached * piety under Trog
  6597 | D:7      | Reached skill level 5 in Fighting
  6597 | D:7      | Reached skill level 9 in Slings
  6869 | D:7      | Reached skill level 10 in Slings
  6880 | D:7      | Found Agumul Toul's Gadget Shoppe.
  7094 | D:7      | Found a radiant altar of Vehumet.
  7168 | D:7      | Found a shattered altar of Ashenzari.
  7315 | D:7      | Found a hide-covered altar of Uskayaw.
  7468 | D:8      | Noticed Gastronok
  7502 | D:8      | Found Wiuntod's Book Boutique.
  7502 | D:8      | Noticed Grum
  7532 | D:8      | HP: 3/67 [wyvern (10)]
  7547 | D:8      | Found Puewigog's Magic Scroll Emporium.
  8001 | D:8      | Killed Gastronok
  8001 | D:8      | Reached XP level 11. HP: 46/72 MP: 11/11
  8134 | D:8      | Got a transparent robe
  8145 | D:8      | Identified the +1 robe of Ru's Generosity {Dex+5} (You
                  | found it on level 8 of the Dungeon)
  8231 | D:8      | Found an ornate altar of the Wu Jian Council.
  8317 | D:8      | Reached ** piety under Trog
  8454 | D:8      | Cast into level 1 of the Abyss (Grum)
  8468 | Abyss:1  | Noticed a Hell Sentinel
  8477 | Abyss:1  | HP: 2/72 [Hell Sentinel/damnation (20)]
  8484 | Abyss:1  | Killed from afar by a Hell Sentinel

Skill      XL: |  1  2  3  4  5  6  7  8  9 10 11 |
---------------+----------------------------------+-----
Fighting       | 3 4 6 |  6.0
Long Blades    | 3 4 |  4.9
Slings         | 3 5 6 7 8 10 | 10.6
Armour         | 4 5 6 7 |  7.6
Shields        | 4 5 7 |  7.6
Throwing       | 1 |  1.9
Dodging        | 1 2 |  2.6
Crossbows      | 3 5 6 7 |  7.8
Stealth        | 1 |  1.6
Short Blades   | 1 3 |  3.1

Action                   |  1- 3 |  4- 6 |  7- 9 | 10-12 || total
-------------------------+-------+-------+-------+-------++-------
Melee: Long sword        |    93 |    30 |   180 |       ||   303
       Dagger            |       |       |    24 |       ||    24
       Short sword       |       |       |     3 |       ||     3
       Hunting sling     |       |       |     2 |       ||     2
       Hand crossbow     |       |       |     1 |       ||     1
       Rapier            |       |       |       |    68 ||    68
 Fire: Hunting sling     |       |    53 |   196 |    66 ||   315
       Hand crossbow     |       |       |   129 |   105 ||   234
       Blowgun           |       |       |       |     7 ||     7
Throw: Stone             |       |    17 |    13 |     9 ||    39
Invok: Berserk           |       |       |       |     3 ||     3
Evoke: Wand              |       |       |       |     1 ||     1
  Use: Potion            |       |     2 |     5 |     8 ||    15
       Scroll            |       |     2 |     2 |     8 ||    12
  Eat: Chunk             |       |     3 |    14 |     5 ||    22
       Ration            |       |       |       |     1 ||     1
Armor: Chain mail        |    47 |    11 |   185 |    23 ||   266
       Scale mail        |     3 |       |       |       ||     3
       Plate armour      |       |       |       |    32 ||    32
Dodge: Dodged            |    19 |    10 |   109 |    66 ||   204
       Deflected         |       |       |     2 |       ||     2
Block: Shield            |    48 |    20 |   197 |   118 ||   383
       Rpst.: Long sword |     4 |     2 |     9 |       ||    15
